Unix NetHack Version 5.0.0-0 post-release - last build Jul 14 2026 02:55:29 (1809b74e8187c3a3585e283601c3028b46cbbdcb,branch:main).

Game began 2026-07-16 20:51:49, ended 2026-07-16 21:29:14.

Jinnora, neutral female human Wizard

                                                                ---------
               ---------                                       --..--.|.----
             ---.--.--.--                                      |.........).|
             |..........-----                       -----   ----...........|
             |.......^......|                       |...-- --.|...........--
      ----   |........--....-------              ---|....---.....---.--[.<|
      |..--  |-.......|-.....).[..---------- ----|..|......*..df-- -----.--
      |...| --.....---|......----..........---..--.....[---.....|      ---
      --..---..--..|---...^..|  ---------...............| |...^.|
     ----.....-------........|          |.........>..---- |....--
     -.....^----   |...).....--         |......|.....|    ---..-----
   ... ---.....----|-...--....|  .`     --.....|-..--- --   |....|.--
    -----.........--...----........-    --.....--.--   |.   |.......|
      |................-- --......--  ---.........|-----..---.......|
      |.|.--............| | ......|  --...........--.............-----
      ---- ---...................--  |......----................----.--
             |..--....---.|.--....   |......|  ----.---...............|
             -------..|  ---  ....|  --..`.--   -..............----...|
                   ----       --.--   |....       -----.....----  |.---
                                --    ------          --.|..      ---
                                                       -----
Jinnora the Werejackal    St:15 Dx:15 Co:16 In:18 Wi:10 Ch:14  Neutral
Dlvl:3  $:146 HP:10(10) Pw:44(52) AC:7  HD:2 T:5375  Overtaxed

Latest messages:
 In what direction? 4
 The spell hits the floating eye!
 You kill the floating eye!
 Welcome back to experience level 6.
 You are beginning to feel hungry.
 You swap places with your housecat.
 Suddenly, you notice a rock piercer.
 The housecat bites the rock piercer.
 The rock piercer misses the housecat.
 The housecat misses the rock piercer.
 The housecat misses the rock piercer.
 The housecat misses the rock piercer.
 The housecat misses the rock piercer.
 The housecat misses the rock piercer.
 The housecat bites the rock piercer.
 The rock piercer is killed!
 Your housecat grows up into a large cat.
 Your large cat eats a rock piercer corpse.
 You hear a jackal howling at the moon.
 You hear a jackal howling at the moon.
 You hit the werejackal.
 The werejackal bites!
 You feel feverish.
 In what direction? 8
 The spell hits the werejackal!
 You kill the werejackal!
 You see here a sling.
 In what direction? 9
 The spell hits the bat!
 You kill the bat!
 You feel more confident in your spell casting skills.
 The large cat drops a bow.
 The large cat misses the bat.
 Moving the altar would be a very bad idea.
 Wizard needs food, badly!
 What do you want to eat? [pI or ?*] ?
 My, this is a yummy slime mold!
 Where do you want to travel to?
 (For instructions type a '?')
 You descend the stairs.
 Where do you want to travel to?
 (For instructions type a '?')
 You turn into a werejackal!
 You shrink out of your cloak!
 You can barely move a handspan with this load!
 You drop your gloves and weapon!
 Use the command #monster to summon help.
 #transform: unknown extended command.
 Really quit without saving? [yn] (n) y
 Do you want your possessions identified? [ynq] (y) q

Inventory:
 Coins    ('$')
  $ - 146 gold pieces
 Weapons  (')')
  q - 7 uncursed +0 darts
  T - a blessed +0 dagger
 Comestibles  ('%')
  p - an uncursed lembas wafer
 Scrolls  ('?')
  G - an uncursed scroll of create monster
  K - an uncursed scroll of enchant weapon
  o - an uncursed scroll of scare monster
 Spellbooks  ('+')
  m - an uncursed spellbook of extra healing
  l - a blessed spellbook of force bolt
  Y - an uncursed spellbook of remove curse
 Potions  ('!')
  h - an uncursed potion of blindness
  g - an uncursed potion of booze
  B - an uncursed potion of healing
  S - a cursed potion of invisibility
  f - an uncursed potion of monster detection
  k - 2 potions of holy water
 Rings    ('=')
  a - a cursed ring of cold resistance
  d - an uncursed ring of protection from shape changers
  e - an uncursed ring of stealth
 Wands    ('/')
  C - an uncursed wand of cancellation (0:5)
  c - an uncursed wand of cold (0:5)
  i - an uncursed wand of digging (0:5)
  y - an uncursed wand of magic missile (0:3)
  r - an uncursed wand of make invisible (0:5)
  t - an uncursed wand of striking (0:7)
  Q - an uncursed wand of striking (0:3)
  v - an uncursed wand of undead turning (0:4)
 Tools    ('(')
  A - an uncursed can of grease (0:8)
  E - an uncursed leash
  n - an uncursed magic marker (0:21)
  z - an uncursed skeleton key
  V - an uncursed skeleton key
  j - an uncursed partly used tallow candle
  M - a cursed tallow candle
  x - an uncursed tin whistle
  O - an uncursed tin whistle
 Gems/Stones  ('*')
  R - an uncursed agate stone
  H - an uncursed worthless piece of black glass
  X - a cursed worthless piece of black glass
  P - 2 uncursed worthless pieces of green glass
  U - an uncursed worthless piece of orange glass
  L - an uncursed worthless piece of violet glass
  N - a cursed worthless piece of violet glass
  u - an uncursed worthless piece of white glass
  s - an uncursed worthless piece of yellow glass
  w - 3 uncursed flint stones

Jinnora the Wizard's attributes:

Background:
 You were in female werejackal form.
 You were actually a Thaumaturge, a level 6 female human Wizard.
 You were neutral, on a mission for Thoth
 who was opposed by Ptah (lawful) and Anhur (chaotic).
 You were normally right-handed.
 You were in the Gnomish Mines, on level 3.
 You entered the dungeon 5375 turns ago.
 There was a new moon in effect when your adventure ended.

Basics:
 You had all 10 hit points.
 You had 44 out of 52 energy points (spell power).
 You had 2 hit dice.
 Your armor class was 7.
 Your wallet contained 146 zorkmids.
 Autopickup was off.

Final Characteristics:
 Your strength was 15.
 Your dexterity was 15.
 Your constitution was 16.
 Your intelligence was 18.
 Your wisdom was 10.
 Your charisma was 14.

Final Status:
 You were transformed.
 You weren't hungry.
 You were overtaxed; movement was extremely slowed.
 You weren't wielding anything.
 You were unskilled in bare handed combat.
 You weren't wearing any armor.

Final Attributes:
 You were piously aligned.
 You were poison resistant.
 You were level-drain resistant.
 You were telepathic.
 You regenerated.
 You were a werejackal in beast form.
 You were harmed by silver.
 You were unlucky.
 Thoth was angry with you.
 You survived.

Miscellaneous:
 You encountered 1 bones level.
 Total elapsed playing time was 37 minutes and 25 seconds.

Major events:
 Turn
    1: Jinnora the neutral female human Wizard entered the dungeon
  413: entered the Gnomish Mines
  430: attained the rank of Conjurer (level 3)
 2708: attained the rank of Thaumaturge (level 6)
 3034: reached Mine Town
 5375: quit

Spells:
 Name                 Level Category     Fail Retention
 force bolt             1   attack         0%   71%-80%
 extra healing          3   healing       77%   51%-75%
 remove curse           3   clerical      77%  76%-100%

Skills:
 Fighting Skills
   bare handed combat [Unskilled]
   riding             [Unskilled]
 Weapon Skills
   dagger             [Basic]
   knife              [Unskilled]
   axe                [Unskilled]
   short sword        [Unskilled]
   club               [Unskilled]
   mace               [Unskilled]
   quarterstaff       [Basic]
   polearms           [Unskilled]
   spear              [Unskilled]
   trident            [Unskilled]
   sling              [Unskilled]
   dart               [Unskilled]
   shuriken           [Unskilled]
 Spellcasting Skills
   attack spells      [Basic]
   healing spells     [Unskilled]
   divination spells  [Unskilled]
   enchantment spells [Basic]
   clerical spells    [Unskilled]
   escape spells      [Unskilled]
   matter spells      [Unskilled]

Voluntary challenges:
 Character rerolling was not enabled.
 You never genocided any monsters.
 You never polymorphed an object.
 You used no wishes.
Achievements:
 You entered the Gnomish Mines.
 You attained the rank of Conjurer.
 You entered a shop.
 You attained the rank of Thaumaturge.
 You entered Minetown.

 The Dungeons of Doom: levels 1 to 5
    Level 1:
    Level 2:
       A general store, some altars to Thoth.
       Stairs down to The Gnomish Mines.
    Level 3:
       A fountain.
    Level 4:
    Level 5:
 The Gnomish Mines: levels 3 to 5
    Level 3: <- You were here.
    Level 4:
    Level 5:
       Final resting place for
          iab-Arc-Dwa-Mal-Law, killed by an orc-captain, while praying.


Vanquished creatures:
  a gnome mummy
  4 rock piercers
  a rock mole
  2 ponies
  2 fog clouds
  a shrieker
  3 gnome leaders
  a kobold mummy
  4 giant ants
  3 floating eyes
  4 dwarves
  2 kobold shamans
  3 hill orcs
  5 rothes
  2 rabid rats
  a centipede
  a giant bat
  2 dwarf zombies
  2 werejackals
  2 iguanas
  2 gas spores
  2 hobbits
  a manes
  a large kobold
  a hobgoblin
  3 giant rats
  a brown mold
  2 yellow molds
  a green mold
  a red mold
 19 gnomes
  7 geckos
  3 jackals
  a fox
  a kobold
  a sewer rat
  8 grid bugs
  a bat
  4 lichens
  2 kobold zombies
  4 newts
112 creatures vanquished.

No species were genocided or became extinct.

Goodbye Jinnora the Wizard...

You quit in The Gnomish Mines on dungeon level 3 with 3012 points,
and 146 pieces of gold, after 5375 moves.
You were level 6 with a maximum of 47 hit points when you quit.

